 Dungeon Crawl Stone Soup version 0.19-a0-1002-g674d22e (console) character file.

461 brucemayne the Chopper (level 6, -4/46 HPs)
             Began as a Vampire Berserker on July 18, 2016.
             Was a Believer of Trog.
             Slain by an orc
             ... wielding a +0 falchion
              (8 damage)
             ... on level 4 of the Dungeon.
             The game lasted 00:05:04 (871 turns).

brucemayne the Chopper (Vampire Berserker)           Turns: 871, Time: 00:05:05

Health: -4/46      AC:  0    Str: 18    XL:     6   Next: 79%
Magic:  4/6        EV: 20    Int:  9    God:    Trog [**....]
Gold:   117        SH:  0    Dex: 19    Spells: 0 memorised, 5 levels left

rFire  . . .     SeeInvis +     (weapon currently unavailable)
rCold  + . .     Gourm    .     (armour currently unavailable)
rNeg   + + .     Faith    .     (shield currently unavailable)
rPois  +         Spirit   .     (helmet currently unavailable)
rElec  .         Dismiss  .     (cloak currently unavailable)
rCorr  .         Reflect  .     (gloves currently unavailable)
SustAt .         Harm     .     (boots currently unavailable)
MR     .....                    (no amulet)
Stlth  ++........               (ring currently unavailable)
                                (ring currently unavailable)

@: exhausted, bat-form, flying, regenerating slowly, slowed, quick, not
resistant to hostile enchantments, unstealthy
A: fangs 3, see invisible, (unbreathing)
a: End Transformation, Berserk, Trog's Hand, Burn Spellbooks, Renounce Religion


You were on level 4 of the Dungeon.
You worshipped Trog.
Trog was pleased with you.
You were thirsty.
You were in vampire-bat-form.
You visited 1 branch of the dungeon, and saw 5 of its levels.

You collected 117 gold pieces.

Inventory:

Hand Weapons
 a - a +0 hand axe
 i - a cursed -3 dagger
 k - a +0 war axe (melded)
 m - a +0 short sword of venom
Armour
 b - a +0 animal skin
 g - a +0 leather armour
 j - a +0 chain mail (melded)
Scrolls
 e - a scroll of remove curse
 f - a scroll of amnesia {unknown}
 l - a scroll of enchant weapon {unknown}
 n - a scroll of teleportation {unknown}
 p - a scroll of blinking {unknown}
Potions
 c - 8 potions of blood
 d - a potion of heal wounds {unknown}
 h - a potion of curing {unknown}
 o - a potion of agility {unknown}


   Skills:
 - Level 2.6 Fighting
 + Level 7.1 Axes
 - Level 1.5 Armour
 - Level 2.1 Dodging


You had 5 spell levels left.
You didn't know any spells.

Dungeon Overview and Level Annotations

Branches:
Dungeon (5/15)             Temple (0/1) D:4

Altars:
Yredelemnul

Annotations:
D:3 exclusion: downstairs


Innate Abilities, Weirdness & Mutations

You heal slowly.
You have razor-sharp teeth.
You have supernaturally acute eyesight. (SInv)
((You can survive without breathing.))


Message History

You hit the yak but do no damage.
Your skin stops crawling.
You feel less resistant to hostile enchantments.
The yak gores you.
* * * LOW HITPOINT WARNING * * *
The yak gores you.
* * * LOW HITPOINT WARNING * * *
Things that are here:
a dagger; a robe; an orc corpse Unknown command.
You feel a strong urge to attack something.
You are no longer berserk.
You are exhausted.
You feel yourself slow down.
You are feeling thirsty.
Unknown command.
You turn into a vampire bat.
Your +0 war axe melds into your body.
Your +0 chain mail melds into your body.
The gnoll barely misses you. The orc hits you with a falchion!
You die...

.# #...###.#### #.#..).........#
## #...##..######..##.........O##
# #..........................l..
## #.#..P.P.######..##.####.#####
.###.#..._..## ####.##.# #.# #
........P.P...##.....#.# #.## #
####........#......#.#.# #..####
#......#..######.....#.#####.##..
#.##.#.....# ##b......<..Y...#..
..##.#####.####YYo.#..#####Y#.l..
.###.# #[....Y#gg....# #..Y... ##
#.# ####.))....##.# ####.$. # #.#
#........## .# .... # #.#
#...[##..# Y ..... # #.# ...###
##..# ...... # #.# .##. #..#
[..$.# #.# # ##.. ...#.#


You could see 3 yaks, 2 gnolls and an orc.

Vanquished Creatures
  A yak (D:4)
  A phantom (D:4)
  An ogre (D:4)
  A scorpion (D:4)
  An orc wizard (D:4)
  A gnoll (D:4)
  2 adders (D:3)
  A worm (D:3)
  A dart slug (D:1)
  2 giant geckos (D:4)
  7 orcs
  A giant cockroach (D:4)
  4 jackals (D:1)
  3 bats (D:1)
  A giant newt (D:1)
  4 goblins
  A kobold (D:1)
  3 rats (D:1)
36 creatures vanquished.

Notes
Turn   | Place    | Note
-------+----------+-------------------------------------------
     0 | D:1      | brucemayne the Vampire Berserker began the quest for the Orb.
     0 | D:1      | Reached XP level 1. HP: 17/17 MP: 1/1
   161 | D:1      | Reached skill level 3 in Axes
   170 | D:1      | Reached XP level 2. HP: 13/23 MP: 2/2
   441 | D:3      | Reached XP level 3. HP: 28/28 MP: 3/3
   459 | D:4      | Found a staircase to the Ecumenical Temple.
   459 | D:4      | Noticed an ogre
   490 | D:4      | Noticed a yak
   491 | D:4      | Noticed a yak
   509 | D:3      | Reached ** piety under Trog
   509 | D:3      | Reached skill level 4 in Axes
   673 | D:5      | Entered Level 5 of the Dungeon
   689 | D:4      | Found a basalt altar of Yredelemnul.
   689 | D:4      | Noticed a scorpion
   708 | D:4      | Killed a scorpion
   708 | D:4      | Reached XP level 4. HP: 34/34 MP: 4/4
   737 | D:4      | Noticed a phantom
   794 | D:4      | Killed a phantom
   794 | D:4      | Reached skill level 5 in Axes
   794 | D:4      | Reached XP level 5. HP: 37/39 MP: 5/5
   853 | D:4      | Noticed a yak
   857 | D:4      | Noticed a yak
   864 | D:4      | Killed an ogre
   864 | D:4      | Reached skill level 6 in Axes
   864 | D:4      | Reached XP level 6. HP: 46/46 MP: 6/6
   867 | D:4      | Killed a yak
   867 | D:4      | Reached skill level 7 in Axes
   871 | D:4      | Slain by an orc

Vault maps used:
D:1:      elethiomel_arrival_shortcut, interstate_on_off, st_stairs_8
D:2:      first_bread, minmay_misc_feat_tower, fedhas_altar_3, uniq_natasha
D:3:      ecumenical_altar_2, grunt_ministairs_3
D:4:      grunt_temple_overflow_open, minmay_misc_feat_hallway,
          yredelemnul_altar_generic
D:5:      enter_ossuary_3, basic_altar

Skill      XL: |  1  2  3  4  5  6 |
---------------+-------------------+-----
Axes           | 3 4 5 6 7 |  7.1
Fighting       | |  2.6
Armour         | |  1.5
Dodging        | |  2.1

Action                   |  1- 3 |  4- 6 || total
-------------------------+-------+-------++-------
Melee: Hand axe          |    61 |       ||    61
       Bite              |     4 |     9 ||    13
       War axe           |     6 |    37 ||    43
Invok: Berserk           |     3 |     1 ||     4
       Trog's Hand       |       |     2 ||     2
 Abil: Bat Form          |     1 |     2 ||     3
       End Transformatio |     1 |     1 ||     2
  Use: Potion            |     3 |     1 ||     4
       Scroll            |     2 |       ||     2
Armor: Animal skin       |    12 |       ||    12
       Chain mail        |     3 |    23 ||    26
Dodge: Dodged            |    43 |    15 ||    58
